 Dungeon Crawl Stone Soup version 0.26.1-11-gd32895ea62 (webtiles) character file.

Game seed: 11902540821155211233

37 ABBCCCDDDD the Sneak (level 3, -6/33 HPs)
             Began as a Draconian Delver on July 15, 2021.
             Mangled by Grinder (8 damage)
             ... on level 3 of the Dungeon.
             The game lasted 00:03:49 (217 turns).

ABBCCCDDDD the Sneak (Draconian Delver)              Turns: 217, Time: 00:03:51

Health: -6/33      AC:  5    Str: 14    XL:     3   Next: 23%
Magic:  3/3        EV: 12    Int: 11    God:
Gold:   16         SH:  0    Dex: 12    Spells: 2/2 levels left

rFire    . . .     SeeInvis .   a - +0 falchion
rCold    . . .     Faith    .   (no shield)
rNeg     . . .     Spirit   .   (armour unavailable)
rPois    .         Reflect  .   (helmet restricted)
rElec    .         Harm     .   (no cloak)
rCorr    .         Rampage  .   (no gloves)
Will     .....                  (no boots)
Stlth    +++.......             (no amulet)
HPRegen  0.11/turn              (no ring)
MPRegen  0.08/turn              (no ring)

@: flying (expiring)
A: unfitting armour, cold-blooded, AC +5
a: no special abilities


You were on level 3 of the Dungeon.
You visited 1 branch of the dungeon, and saw 3 of its levels.

You collected 16 gold pieces.

Inventory:

Hand Weapons
 a - a +0 falchion (weapon)
Scrolls
 c - a scroll of magic mapping
Potions
 g - a potion of flight


   Skills:
 + Level 4.1 Fighting
 + Level 3.0 Long Blades
 - Level 1.7 Dodging
 - Level 4.5 Stealth


You had 2 spell levels left.
You didn't know any spells.
Your spell library was empty.

Dungeon Overview and Level Annotations

Branches:
Dungeon (5/15)
 Temple: D:4-7

Altars:
Xom

Annotations:
D:3 Grinder
D:5 Pikel


Innate Abilities, Weirdness & Mutations

Your plain brown scales are hard. (AC +5)
You cannot fit into any form of body armour.
You are cold-blooded and may be slowed by cold attacks.


Message History

You suddenly lose the ability to move!
Grinder gestures at you. Pain shoots through your body!
Grinder gestures at you. Pain shoots through your body!
* * * LOW HITPOINT WARNING * * *
You are starting to lose your buoyancy.
Grinder blinks!
You can move again.
Okay, then.
As you read the scroll of fog, it crumbles to dust.
The scroll dissolves into smoke.
You closely miss the kobold. The kobold hits you but does no damage.
You hit the kobold but do no damage. The kobold hits you but does no damage.
You closely miss Grinder. The kobold misses you. Grinder misses you.
As you read the scroll labelled PEZXAX MOHUM, it crumbles to dust.
It is a scroll of identify.
You don't have any unidentified items.
The kobold barely misses you. Grinder hits you!
You die...

+. #......##.# #.#
##.####5##.#####
#.###.......##.....# .
#.......##########g#
..###......#.......g..#
........§(.#.###gg#####
+5.§...§§......>.#
###.§##K###......###
##§5@§# ####K....#
#§#### #.$K#†# ..
##..#.# #. #.(..# #
#†#### #.# #.# #.# #(#


You could see Grinder and a kobold.

Vanquished Creatures
  An orc wizard (D:3)
  An adder skeleton (D:4)
  An orc (D:3)
  2 bats (D:3)
  A goblin (D:3)
6 creatures vanquished.

Notes
Turn   | Place    | Note
-------+----------+-------------------------------------------
     0 | D:5      | ABBCCCDDDD the Draconian Delver began the quest for the
                  | Orb.
     0 | D:5      | Reached XP level 1. HP: 19/19 MP: 1/1
    38 | D:5      | Found a shimmering altar of Xom.
    46 | D:5      | Noticed Pikel
    46 | D:5      | Noticed a lemure
    64 | D:4      | Noticed an ogre
   131 | D:3      | Noticed an orc wizard
   150 | D:3      | Killed an orc wizard
   151 | D:3      | Reached XP level 2. HP: 10/27 MP: 2/2
   151 | D:3      | Reached XP level 3. HP: 12/33 MP: 3/3
   196 | D:3      | Noticed Grinder
   209 | D:3      | Paralysed by Grinder for 4 turns
   217 | D:3      | Mangled by Grinder

Illustrated notes

Levels and vault maps discovered:
D:3:      layout_basic, nemelex_dance_club_becter, uniq_grinder
D:4:      layout_cave_pools, serial_shops, shop, uniq_natasha
D:5:      layout_cave_pools, basic_altar, serial_shops, nicolae_shop_stone,
          uniq_duvessa, uniq_pikel, uniq_crazy_yiuf_cottage

Skill      XL: |  1  2  3 |
---------------+----------+-----
Fighting       | 4 |  4.1
Long Blades    | 3 |  3.0
Dodging        | |  1.7
Stealth        | |  4.5

Action                   || total
-------------------------++-------
Melee: Falchion          ||    23
       Tailslap          ||     4
Evoke: Wand              ||     3
  Use: Potion            ||     2
       Scroll            ||     3
 Stab: Sleeping          ||     1
Armor: Skin              ||     5
Dodge: Dodged            ||    19
       Rpst.: Falchion   ||     5
